 Dungeon Crawl Stone Soup version 0.17-a0-1642-gd4b747b (webtiles) character file.

3694 Gorice the Arsonist (level 10, -6/63 HPs)
             Began as an Octopode Wanderer on Aug 8, 2015.
             Was a Believer of Sif Muna.
             Mangled by a fire bat (8 damage)
             ... on level 8 of the Dungeon.
             The game lasted 01:27:29 (10609 turns).

Gorice the Arsonist (Octopode Wanderer)            Turns: 10609, Time: 01:27:31

Health: -6/63      AC:  1    Str: 11    XL:     10   Next: 13%
Magic:  20/20      EV: 11    Int: 19    God:    Sif Muna [**....]
Gold:   537        SH:  0    Dex: 17    Spells: 3 memorised, 18 levels left

rFire  . . .     SeeInvis +     b - +0 hunting sling
rCold  . . .     Clarity  .     (no shield)
rNeg   . . .     SustAt   .     (helmet restricted)
rPois  .         Gourm    .     g - amulet of regeneration
rElec  .         Spirit   .     z - +3 ring of dexterity
rCorr  .         Warding  .     u - +3 ring of intelligence
rMut   .         Stasis   .     C - ring of see invisible
MR     .....                    (no ring)
Stlth  +++.......               (no ring)
                                (no ring)
                                (no ring)
                                (no ring)

@: not resistant to hostile enchantments, fairly stealthy
A: almost no armour, amphibious, 8 rings, constrict 8, camouflage 1, gelatinous
body 1
a: Channel Energy, Forget Spell, Renounce Religion


You were on level 8 of the Dungeon.
You worshipped Sif Muna.
Sif Muna was pleased with you.
You were not hungry.

You visited 2 branches of the dungeon, and saw 9 of its levels.
You also visited: Sewer.

You collected 570 gold pieces.
You spent 33 gold pieces at shops.

Inventory:

Hand weapons
 a - a +3 falchion of electrocution
   (You took it off an orc on level 3 of the Dungeon)
 b - a +0 hunting sling (weapon)
 h - a +0 dagger of holy wrath
   (You took it off a kobold on level 3 of the Dungeon)
 v - a +2 dagger of venom
   (You took it off an orc on level 3 of the Dungeon)
 B - a +0 blowgun
 M - a +0 morningstar of holy wrath
   (You found it on level 5 of the Dungeon)
Missiles
 d - 12 javelins
 o - 56 sling bullets (quivered)
 t - 31 poisoned needles
 w - 7 tomahawks
 P - 2 steel javelins
 Z - 282 stones
Armour
 L - a +0 large shield
Magical staves
 N - an uncursed staff of cold
Jewellery
 f - an uncursed ring of ice
 g - an amulet of regeneration (around mantle)
 q - an uncursed amulet of clarity
 u - a +3 ring of intelligence (right tentacle)
 z - a +3 ring of dexterity (left tentacle)
 C - a ring of see invisible (on tentacle)
Magical devices
 s - a wand of random effects (16)
 D - a wand of digging (12)
 H - a wand of flame (19)
 Q - a wand of magic darts (22)
Scrolls
 k - 2 scrolls of remove curse
 m - 3 scrolls of teleportation {!r}
 p - 3 scrolls of enchant weapon
 y - a scroll of identify
 A - 4 scrolls of fog
 F - a scroll of magic mapping {!r}
 J - a scroll of fear {!r}
Potions
 i - a potion of cancellation {!q}
 l - a potion of lignification {!q}
 n - 3 potions of brilliance {!q}
 r - 2 potions of curing
 x - a potion of might {!q}
 G - a potion of haste {!q}
 I - a potion of heal wounds {!q}
 O - a potion of magic {!q}
Books
 c - the Grimoire of Venom

   Spells                             Type                      Level
   a - Sting                          Conjuration/Poison           1
   b - Spider Form                    Transmutation/Poison         3
 K - a book of the Dragon
Comestibles
 e - 8 bread rations {!e}
 j - 5 fruits
 E - a chunk of flesh
 R - a meat ration {!e}


   Skills:
 + Level 4.1 Fighting
 - Level 2.6 Stealth
 + Level 7.3 Spellcasting
 + Level 7.4 Conjurations
 - Level 8.0 Fire Magic
 - Level 6.0 Poison Magic


You had 18 spell levels left.
You knew the following spells:

 Your Spells              Type           Power        Failure   Level  Hunger
a - Sting                 Conj/Pois      ####         1%          1    None
b - Flame Tongue          Conj/Fire      #####        1%          1    None
F - Spider Form           Trmt/Pois      ###.......   12%         3    #......


Dungeon Overview and Level Annotations

Branches:
Dungeon (8/15)             Temple (1/1) D:5
   Lair: D:8-11

Altars:
Ashenzari
Dithmenos
Elyvilon
Fedhas
Gozag
Kikubaaqudgha
Makhleb
Nemelex Xobeh
Okawaru
Qazlal
Ru
Sif Muna
Trog
Vehumet
Xom
Yredelemnul
Zin

Shops:
D:4 %   D:5 !   D:6 (

Annotations:
D:2 1 runed door
D:3 vpUX: Yiuf w /darts!, Crazy Yiuf
D:5 orc warrior/glaive!
D:6 exclusion: 2 wights
D:8 Gastronok


Innate Abilities, Weirdness & Mutations

You cannot wear most types of armour.
You are amphibious.
You can wear up to eight rings at the same time.
You can use your tentacles to constrict eight enemies at once.
Your skin changes colour to match your surroundings (Stealth).
Your rubbery body absorbs attacks (AC +1).


Message History

You start resting.
Some of the chunks of flesh in your inventory have rotted away.
You start resting.
HP restored.
Your +3 falchion of electrocution stops crackling.
b - a +0 hunting sling (weapon)
There is an escape hatch in the ceiling here.
A fire bat comes into view.
A jackal zombie comes into view.
Remove which piece of jewellery? (? for menu, Esc to quit)
You remove your ring of ice.
The fire bat bites you.
You are engulfed in flames!
Damage: 13 (max 13)
Casting: Sting
Confirm with . or Enter, or press ? or * to list all spells.
Aiming: Sting
Press: ? - help, Shift-Dir - straight line, f - fire bat
Aim: a fire bat The sting hits the fire bat.
The fire bat is moderately wounded.
The fire bat bites you.
You are engulfed in flames!
The fire bat closely misses you. The fire bat barely misses you.
Damage: 10 (max 13)
Casting: Sting
Confirm with . or Enter, or press ? or * to list all spells.
Aiming: Sting
Press: ? - help, Shift-Dir - straight line, f/p - fire bat
Aim: a fire bat (moderately wounded)
The sting hits the fire bat.
The fire bat is heavily wounded.
The fire bat bites you.
You are engulfed in flames!
Damage: 9 (max 13)
The jackal zombie barely misses you.
The jackal zombie bites you but does no damage.
The fire bat bites you.
You are engulfed in flames.
Damage: 5 (max 13)
The fire bat bites you.
You are engulfed in flames!
Damage: 9 (max 13)
The fire bat bites you.
You are engulfed in flames!
* * * LOW HITPOINT WARNING * * *
Damage: 9 (max 13)
The fire bat barely misses you. The fire bat bites you.
* * * LOW HITPOINT WARNING * * *
You are engulfed in flames!
* * * LOW HITPOINT WARNING * * *
The fire bat bites you.
* * * LOW HITPOINT WARNING * * *
You are engulfed in flames!
You die...

....##.# #....#####.#.# #.#'#.
.......# #........#.#.# #.#.#.
###.#### ##'##.##.....# #.#.#.
#.# #.##.####.##### #...## #.#
#.##..........# ###### #.#
#.#######.###.# #..... #.#
#...........#.# #.####
###.###############.#.#.# ##.##
#<#............<@bZ.#.#)# #...#
....#################.#[###...#
#.#.# #.#.[.....# #.#.#
#.#####.#.# #.#.# #.......#.###
....# ###..........
###.###################.#########
........................#
#########################


You could see a fire bat and a jackal zombie.

Vanquished Creatures
  A wyvern (D:5)
  Sigmund (D:4)
  A hungry ghost (D:6)
  A hippogriff (D:8)
  An orc warrior (D:6)
  A sky beast (D:5)
  A water moccasin (D:8)
  A black bear (shapeshifter) (D:5)
  3 ice beasts
  A necrophage (D:5)
  2 centaurs
  6 ogres
  A phantom (D:8)
  2 giant frogs (D:6)
  3 scorpions
  5 killer bees (D:8)
  2 crimson imps
  A giant frog zombie (D:8)
  2 hounds
  A jelly (D:8)
  A gnoll shaman (D:8)
  6 orc priests
  2 orc wizards
  3 iguanas
  6 worker ants
  A killer bee zombie (D:6)
  A hound zombie (D:7)
  2 hound skeletons
  3 worker ant zombies
  13 gnolls
  6 adders
  2 shadow imps
  2 oozes
  An adder skeleton (D:5)
  4 worms
  7 giant geckos
  37 orcs
  9 giant cockroaches
  9 goblins
  8 hobgoblins
  12 jackals
  3 quokkas
  7 ball pythons
  4 bats
  A giant gecko skeleton (D:4)
  10 giant newts
  A goblin zombie (D:2)
  A jackal skeleton (D:2)
  13 kobolds
  A quokka zombie (D:6)
  8 rats
  3 plants (Sewer)
224 creatures vanquished.

Vanquished Creatures (others)
  A quokka (D:4)
  A fungus (D:3)
2 creatures vanquished.

Grand Total: 226 creatures vanquished

Notes
Turn   | Place    | Note
--------------------------------------------------------------
     0 | D:1      | Gorice the Octopode Wanderer began the quest for the Orb.
     0 | D:1      | Gorice set off with: a +2 dagger, a potion of haste {!q}, the Grimoire of Venom, a potion of curing, a bread ration {!e}
     0 | D:1      | Reached XP level 1. HP: 11/11 MP: 3/3
     0 | D:1      | Identified the Grimoire of Venom
     2 | D:1      | Learned a level 1 spell: Sting
    11 | D:1      | HP: 3/11 [kobold/short sword (3)]
    18 | D:1      | HP: 1/11 [giant newt (2)]
   105 | D:1      | Reached skill level 1 in Poison Magic
   260 | D:1      | Reached XP level 2. HP: 13/17 MP: 3/5
   361 | D:1      | Reached skill level 2 in Poison Magic
  1344 | D:2      | Reached XP level 3. HP: 21/21 MP: 3/6
  1733 | D:2      | Found a runed door.
  1733 | D:2      | Noticed a human
  1751 | D:2      | Found a basalt altar of Yredelemnul.
  2219 | D:3      | Reached skill level 3 in Poison Magic
  2224 | D:3      | Learned a level 3 spell: Spider Form
  2298 | D:3      | Reached XP level 4. HP: 27/27 MP: 7/7
  2539 | D:3      | Reached skill level 3 in Conjurations
  2797 | D:3      | Reached XP level 5. HP: 31/31 MP: 6/9
  3345 | D:3      | Noticed Crazy Yiuf
  3347 | D:3      | HP: 9/31 [Crazy Yiuf/wand of magic darts (6)]
  3356 | D:3      | HP: 6/31 [Crazy Yiuf/wand of magic darts (7)]
  3562 | D:3      | Reached skill level 4 in Poison Magic
  3576 | D:3      | Reached skill level 3 in Spellcasting
  3863 | D:3      | Reached XP level 6. HP: 36/36 MP: 4/10
  3867 | D:3      | Reached skill level 4 in Conjurations
  3981 | D:3      | HP: 10/36 [Crazy Yiuf/wand of magic darts (10)]
  4303 | D:4      | Noticed Sigmund
  4401 | D:4      | Found a shattered altar of Ashenzari.
  4404 | D:4      | Found a burning altar of Makhleb.
  4456 | D:4      | Killed Sigmund
  4456 | D:4      | Reached skill level 5 in Conjurations
  4456 | D:4      | Reached skill level 5 in Poison Magic
  4456 | D:4      | Reached XP level 7. HP: 41/41 MP: 6/12
  4480 | D:4      | Found Monum's Food Boutique.
  4526 | D:4      | Found a glowing drain.
  4530 | Sewer    | Entered a sewer
  5494 | D:5      | Entered Level 5 of the Dungeon
  5494 | D:5      | Found a large runed door.
  5494 | D:5      | Found a large runed door.
  5505 | D:4      | Reached skill level 6 in Poison Magic
  5587 | D:5      | Learned a level 1 spell: Flame Tongue
  5755 | D:5      | Found a large runed door.
  5767 | D:5      | Found a large runed door.
  5824 | D:5      | Reached skill level 4 in Spellcasting
  5824 | D:5      | Reached skill level 6 in Conjurations
  5824 | D:5      | Reached XP level 8. HP: 34/46 MP: 9/14
  5930 | D:5      | HP: 13/46 [ice beast (6)]
  5933 | D:5      | HP: 6/46 [ice beast (6)]
  6060 | D:5      | Reached skill level 7 in Conjurations
  6092 | D:5      | Noticed a wyvern
  6356 | D:5      | Found a sparkling altar of Nemelex Xobeh.
  6381 | D:5      | HP: 16/69 [wyvern (8)]
  6382 | D:5      | Killed a wyvern
  6382 | D:5      | Reached skill level 5 in Spellcasting
  6382 | D:5      | Reached skill level 5 in Fire Magic
  6503 | D:5      | Found Tisa's Distillery.
  6511 | D:5      | Bought 2 potions of poison for 22 gold pieces
  6511 | D:5      | Bought a potion of degeneration for 11 gold pieces
  6946 | D:5      | Found a staircase to the Ecumenical Temple.
  6969 | Temple   | Entered the Ecumenical Temple
  7061 | Temple   | Became a worshipper of Sif Muna the Loreminder
  7133 | D:5      | Reached skill level 6 in Fire Magic
  7133 | D:5      | Reached XP level 9. HP: 42/51 MP: 11/17
  7712 | D:6      | Found an iron altar of Okawaru.
  8030 | D:6      | Acquired Sif Muna's first power
  8110 | D:6      | Reached skill level 7 in Fire Magic
  8211 | D:6      | Reached skill level 6 in Spellcasting
  8272 | D:6      | Reached skill level 1 in Fighting
  8306 | D:6      | Found Elic Jiu's Weapon Emporium.
  8437 | D:6      | Found a blossoming altar of Fedhas.
  8729 | D:7      | Reached skill level 2 in Fighting
  9529 | D:8      | Reached skill level 3 in Fighting
  9641 | D:8      | Noticed Gastronok
  9784 | D:8      | Acquired Sif Muna's second power
  9846 | D:8      | Reached skill level 8 in Fire Magic
  9854 | D:8      | Reached skill level 7 in Spellcasting
  9926 | D:8      | Reached XP level 10. HP: 63/63 MP: 17/20
 10251 | D:8      | Reached skill level 4 in Fighting
 10431 | D:8      | HP: 17/63 [hippogriff (4)]
 10607 | D:8      | HP: 15/63 [fire bat (8)]
 10609 | D:8      | HP: 5/63 [fire bat (8)]
 10609 | D:8      | HP: 2/63 [fire bat (3)]
 10609 | D:8      | Mangled by a fire bat

Vault maps used:
D:1:      ncdulo_wetmaze, serial_co_window_serial, co_window_paths_a,
          co_window_paths_a, co_window_cross_1, co_window_paths_b,
          co_window_paths_a, co_window_unsneaky_path_d, co_window_broadway_b,
          co_window_corner_b, co_window_2corner, co_window_unsneaky_path_c,
          co_window_of_opportunity_b, co_window_2corner, co_window_paths_e,
          glass_columns_a, glass_columns_c, glass_columns_a, glass_columns_b,
          glass_columns_a
D:2:      kennysheep_path_1, kennysheep_small_spiral, dk_yredelemnul_ordeal
D:3:      first_bread, uniq_crazy_yiuf_cottage
D:4:      gammafunk_temple_overflow_wave, gup_sewer_entry_bowl, serial_shops,
          nicolae_shop_crystal, uniq_sigmund
D:5:      nemelex_deck, minmay_temple_entry_nine_rooms, serial_shops, shop,
          hangedman_decor_peaks_small, minmay_hollow_rounded_squares
D:6:      kennysheep_little_box, serial_shops, shop_statue, okawaru_trees_2
D:8:      due_megacathedral, uniq_gastronok
Temple:   circular_temple_12
Sewer:    sewer_co_scattered_pipes

Action                   |  1- 3 |  4- 6 |  7- 9 | 10-12 || total
-------------------------+-------+-------+-------+-------++-------
Melee: Dagger            |    15 |    20 |       |       ||    35
       Falchion          |       |    30 |   154 |    17 ||   201
 Fire: Hunting sling     |       |     1 |    56 |     1 ||    58
Throw: Tomahawk          |     8 |     1 |     2 |       ||    11
       Javelin           |     1 |       |    11 |       ||    12
 Cast: Sting             |    63 |    99 |   195 |    39 ||   396
       Spider Form       |       |     1 |     3 |       ||     4
       Flame Tongue      |       |       |    26 |     2 ||    28
Evoke: Wand              |       |     1 |       |       ||     1
  Use: Potion            |     1 |     3 |     3 |     1 ||     8
       Scroll            |     4 |     5 |     6 |     1 ||    16
 Stab: Sleeping          |     1 |       |     6 |       ||     7
  Eat: Chunk             |     5 |     9 |    14 |     2 ||    30
       Pizza             |       |       |     1 |       ||     1
       Meat ration       |       |       |     1 |       ||     1
       Royal jelly       |       |       |     1 |       ||     1

Table legend:
 A = Turns spent in this place as a percentage of turns spent in the entire game.
 B = Non-inter-level travel turns spent in this place as a percentage of non-inter-level travel turns spent in the entire game.
 C = Inter-level travel turns spent in this place as a percentage of turns spent in this place.
 D = Turns resting spent in this place as a percentage of non-inter-level travel turns spent in this place.
 E = Turns spent auto-exploring this place as a percentage of non-inter-level travel turns spent in this place.
 F = Non-inter-level travel turns spent in this place divided by the number of levels of this place that you've seen.
                   A       B       C       D       E      F
               +-------+-------+-------+-------+-------+----------------------
         Total | 100.0 | 100.0 |   0.5 |   3.7 |   4.8 | 429.4
       Dungeon |  93.8 |  93.8 |   0.5 |   3.8 |   4.6 | 503.5
        Temple |   1.1 |   1.1 |   0.0 |   0.0 |  17.0 |  47.0
         Sewer |   5.1 |   5.1 |   0.0 |   2.7 |   5.9 | 219.0
               +-------+-------+-------+-------+-------+----------------------

Vault maps used:
D:1:      ncdulo_wetmaze, serial_co_window_serial, co_window_paths_a,
          co_window_paths_a, co_window_cross_1, co_window_paths_b,
          co_window_paths_a, co_window_unsneaky_path_d, co_window_broadway_b,
          co_window_corner_b, co_window_2corner, co_window_unsneaky_path_c,
          co_window_of_opportunity_b, co_window_2corner, co_window_paths_e,
          glass_columns_a, glass_columns_c, glass_columns_a, glass_columns_b,
          glass_columns_a
D:2:      kennysheep_path_1, kennysheep_small_spiral, dk_yredelemnul_ordeal
D:3:      first_bread, uniq_crazy_yiuf_cottage
D:4:      gammafunk_temple_overflow_wave, gup_sewer_entry_bowl, serial_shops,
          nicolae_shop_crystal, uniq_sigmund
D:5:      nemelex_deck, minmay_temple_entry_nine_rooms, serial_shops, shop,
          hangedman_decor_peaks_small, minmay_hollow_rounded_squares
D:6:      kennysheep_little_box, serial_shops, shop_statue, okawaru_trees_2
D:8:      due_megacathedral, uniq_gastronok
Temple:   circular_temple_12
Sewer:    sewer_co_scattered_pipes
